[Event "*** Titled Tuesday Blitz"]
[Site "Chess.com"]
[Date "2021.04.27"]
[Round "5"]
[White "canary2016"]
[Black "picturesquecheck"]
[Result "1/2-1/2"]
[WhiteElo "2001"]
[BlackElo "2291"]
[TimeControl "180+1"]
[EndTime "10:57:35 PDT"]
[Termination "Game drawn by agreement"]

1. d4 Nf6 2. c4 e6 3. g3 d5 4. Bg2 Bb4+ 5. Nd2 O-O 6. Nf3 c6 7.
O-O b6 8. Qc2 Bb7 9. a3 Be7 10.
b4 Nbd7 11. Bb2 Rc8 12. Rac1 c5 13. b5 cxd4 14. Nxd4 Nc5 15. Qb1 Qd7 16. Rfd1 Na4 17. Ba1 Bxa3 18. Rc2 Be7 19. Ra2 Nc5 20. Rxa7 Ra8 21. Rxa8 Rxa8 22. Bc3 dxc4 23. Nxc4 Bxg2 24. Kxg2 Qb7+ 25. Kg1 Nd5 26. Bb2 Bf6 27. Nc6 Bxb2 28. Qxb2 h6 29. Nd6 Qd7 30. Nc4 Qc7 31. Qc2 Re8 32.
e4 Ne7 33. N4e5 Nxc6 34. Nxc6 e5 35. Qc4 Kf8 36. Ra1 Ne6 37. Ra7 Qd6 38. Qc3 Nd4 39.
Nxd4 exd4 40. Qf3 Qe6 41. Rc7 Kg8 42. Rc6 Qxe4 43. Qxe4 Rxe4 44. Rxb6 Re1+ 45. Kg2 Rb1 46. Rd6 Rxb5 47. Rxd4 g6 48. Rd8+ Kg7 49. Rd3 h5 50.
Kf3 Rf5+ 51. Kg2 Ra5 52. h4 f6 53. Re3 g5 54. hxg5 fxg5 55. Rf3 Kg6 56. Rd3 g4 57.
Rd6+ Kg5 58. Rd2 Ra3 59. Rc2 Rf3 60. Rd2 Rf5 61. Rd3 h4 62. gxh4+ Kxh4 63. Rd4 Rf3 64. Rc4 Ra3 65. Rd4 Kg5 66. Rd5+ Kh4 67. Rd4 Rb3 68.
Rd5 Rb2 69. Rd4 Rc2 70. Re4 Rd2 71. Rb4 Kg5 72. Rb5+ Kf4 73. Rb4+ Kf5 74. Rb5+ Kf4 75. Rb4+ Kg5 76. Rb5+ Kh4 77. Rb4 Rc2 78. Rd4 Re2 79.
Rc4 Kg5 80. Rc5+ Kf4 81. Rc4+ 1/2-1/2

[Event "*** Titled Tuesday Blitz"]
[Site "Chess.com"]
[Date "2021.04.27"]
[Round "5"]
[White "Yana_pro"]
[Black "Steegersee"]
[Result "1-0"]
[WhiteElo "1993"]
[BlackElo "2195"]
[TimeControl "180+1"]
[EndTime "10:57:35 PDT"]
[Termination "Yana_pro won by resignation"]

1. e4 e6 2. d4 d5 3. Nd2 h6 4. Bd3 Nf6 5. e5 Nfd7 6. Ne2 c5 7. c3 g5 8. a3 Nc6 9. b4 c4 10. Bc2 f5 11. exf6 Kf7 12. h4 Qxf6 13. hxg5 hxg5 14. Rxh8 Qxh8 15. Nf3 Be7 16. Bxg5 Nf6 17. Ng3 Bd6 18. Nh4 Ne7 19. Qf3 Qg7 20. Bxf6 Qxf6 21. Qh5+ Kf8 22. O-O-O Bf4+ 23. Kb2 Qh6 24. Qg4 e5 25.
Ng6+ Nxg6 26. Qxg6 Qxg6 27. Bxg6 exd4 28. Rxd4 Bxg3 29.
fxg3 Be6 30. g4 Ke7 31. Bf5 Rg8 32. a4 Bxf5 33. gxf5 Rxg2+ 34. Ka3 Kd6 35. b5 Rf2 36. Kb4 Rb2+ 37. Ka3 Rb3+ 38. Ka2 Rxc3 39. Rf4 Rd3 40. f6 Rd2+ 41. Kb1 Rh2 42. f7 Rh8 43. f8=Q+ Rxf8 44. Rxf8 Kc5 45. Rd8 a6 46. Kc2 axb5 47. axb5 d4 48.
b6 d3+ 49. Kc3 Kb5 50. Rd4 Kxb6 51. Kxc4 Ka5 52. Rxd3 b5+ 53. Kb3 Kb6 54. Rd4 Ka6 55.
Rh4 Kb7 56. Kb4 Kc6 57. Rh5 Kd6 58. Rxb5 Ke6 59. Kc4 Kf6 60. Kd4 Ke6 61. Ra5 Ke7 62. Ra6 Kd7 63. Kc5 Ke7 64. Kd5 Kf7 65. Ke5 Kg7 66. Kf5 Kh7 67. Kg5 Kg7 68. Ra7+ Kf8 69.
Kf6 Ke8 70. Ke6 Kd8 71. Rh7 Kc8 72. Kd6 Kb8 73. Kc6 Ka8 74. Kb6 1-0

[Event "*** Titled Tuesday Blitz"]
[Site "Chess.com"]
[Date "2021.04.27"]
[Round "5"]
[White "anon569"]
[Black "Jenia84"]
[Result "1-0"]
[WhiteElo "2235"]
[BlackElo "2331"]
[TimeControl "180+1"]
[EndTime "10:57:36 PDT"]
[Termination "anon569 won on time"]

1. e4 e5 2. Nf3 Nc6 3. Bb5 Nf6 4. O-O Nxe4 5. d4 Nd6 6. Bxc6 dxc6 7. dxe5 Nf5 8. Qxd8+ Kxd8 9. Nc3 Be7 10. Rd1+ Ke8 11. Ne2 Nh4 12. Nxh4 Bxh4 13. Be3 Bd7 14. Rd2 b6 15.
Rad1 Rd8 16. g3 Be7 17. f3 a5 18. Nf4 h5 19. Bd4 Bf5 20. c3 g5 21. Ne2 Rh6 22.
Be3 Re6 23. f4 Bg4 24. Rxd8+ Bxd8 25. Rd2 Bxe2 26. Rxe2 f6 27. Bd4 c5 28. Bf2 gxf4 29. gxf4 fxe5 30. fxe5 Kf7 31. Bg3 Bg5 32. Kg2 h4 33.
Bf2 Rg6 34. Kh3 Ke6 35. Re4 Kf5 36. Rg4 Re6 37. Bxh4 Bxh4 38. Rxh4 Kxe5 39. Rg4 Rh6+ 40.
Kg3 b5 41. h4 b4 42. Rg5+ Kd6 43.
h5 Kd7 44. Kg4 Rd6 45. Rg7+ Kc8 46. Kg5 Rd2 47. h6 Rxb2 48. h7 Rg2+ 49. Kf6 Rf2+ 50. Ke5 Rh2 51. Rg8+ Kb7 52. h8=Q Rxh8 53. Rxh8 Kb6 54.
Rh2 Kb5 55. Kd5 c6+ 56. Ke4 Kc4 57. cxb4 cxb4 58. Rc2+ Kb5 59. Kd4 a4 60. Rc5+ Kb6 61. Re5 a3 62. Kc4 1-0

[Event "*** Titled Tuesday Blitz"]
[Site "Chess.com"]
[Date "2021.04.27"]
[Round "5"]
[White "TokChess"]
[Black "david_alex"]
[Result "1-0"]
[WhiteElo "2406"]
[BlackElo "2110"]
[TimeControl "180+1"]
[EndTime "10:57:37 PDT"]
[Termination "TokChess won by resignation"]

1. d4 Nf6 2. c3 d5 3. Nf3 e6 4.
Bg5 Nbd7 5. Nbd2 h6 6. Bh4 g5 7. Bg3 Nh5 8. e3 Bg7 9. Bd3 Nxg3 10. hxg3 Nb6 11. e4 Bd7 12. Qe2 Qe7 13. exd5 exd5 14. Qxe7+ Kxe7 15. O-O-O Rae8 16. Nf1 f5 17. Ne3 Rhf8 18.
Rde1 Kd8 19. Kd2 c6 20. Nh2 Nc8 21. f3 Nd6 22. Nc2 b6 23. Nf1 Rxe1 24. Nxe1 c5 25.
Nc2 Nb5 26. Bxb5 Bxb5 27. Nfe3 Bc6 28. g4 fxg4 29. Nxg4 Rh8 30. b4 cxd4 31. Nxd4 Bd7 32. Ne3 Bxd4 33. cxd4 Be6 34. b5 Kd7 35. a4 Kd6 36.
Ke2 h5 37. Kf2 h4 38. Rc1 Bd7 39. Nf1 Rf8 40. Ne3 Rh8 41. Rc3 h3 42. gxh3 Rxh3 43.
Kg2 Rh4 44. Rd3 Rf4 45. Kg3 Be6 46. Ng2 Rf8 47. Rc3 Bd7 48. Ne3 Rf4 49. Rd3 Rf8 50. Rd1 Rc8 51. Rh1 Rc3 52. Rh6+ Kc7 53. Nxd5+ Kd8 54.
Nxc3 Kc8 55. Nd5 Be6 56. Nf6 Bf7 57. Rh7 Be6 58. Rxa7 Kb8 59. Re7 Kc8 60. Ne4 Bd7 61. Nd6+ Kd8 62. Rg7 Kc7 63. Ne8+ Kd8 64. Nf6 Be6 65.
Ne4 Bb3 66. Rg6 Bxa4 67. Rxb6 Bb3 68. Rg6 Bf7 69. Rg7 Bc4 70. b6 Kc8 71. b7+ Kb8 72. Nc5 Bd5 73. Na6+ Ka7 74. b8=Q+ Kxa6 1-0

[Event "*** Titled Tuesday Blitz"]
[Site "Chess.com"]
[Date "2021.04.27"]
[Round "5"]
[White "ckgchess"]
[Black "Grieve72"]
[Result "1/2-1/2"]
[WhiteElo "2677"]
[BlackElo "2508"]
[TimeControl "180+1"]
[EndTime "10:57:40 PDT"]
[Termination "Game drawn by repetition"]

1. e4 c5 2. c3 Nf6 3. e5 Nd5 4. d4 cxd4 5. cxd4 d6 6. Nf3 e6 7. Bd3 Nb4 8. Qa4+ N8c6 9. Bb5 Bd7 10. O-O dxe5 11. Nxe5 a6 12. Bxc6 Nxc6 13. Nxd7 Qxd7 14.
Rd1 Nb4 15. Qxd7+ Kxd7 16. Nc3 Nd5 17. Nxd5 exd5 18. Bf4 Bb4 19. a3 Ba5 20. Rac1 Bb6 21. Kf1 Rac8 22. Ke2 Rxc1 23. Bxc1 Rc8 24. Kd3 f6 25. Be3 Rc6 26. g4 a5 27. a4 Bc7 28. h4 Rb6 29. Kc3 Rc6+ 30. Kd3 Rb6 31. Rb1 Bd6 32. h5 g6 33. hxg6 hxg6 34. Kc3 Rc6+ 35.
Kb3 Rb6+ 36. Ka2 f5 37. b3 Rc6 38. Kb2 f4 39. Bd2 b6 40. Rh1 Ke6 41. Re1+ Kf6 42. Re8 Bb4 43. Bxb4 axb4 44. Re5 Rc3 45. g5+ Kf7 46.
Rxd5 Rf3 47. Rd6 Rxf2+ 48. Kc1 Re2 49. Rxb6 Ke7 50. Rf6 Re4 51. d5 Rd4 52. d6+ Rxd6 53. Rxf4 Rd5 54. Rxb4 Rxg5 55. Kb2 Kd6 56. Rb6+ Kc7 57.
Rf6 Rg1 58. Ka3 g5 59. a5 g4 60. Ka4 g3 61. Rg6 g2 62. Kb4 Kb7 63. Rg7+ Kc6 64. Rg6+ Kb7 65. Rg3 Kc6 66. Rg4 Kc7 67. Rg6 Kb7 1/2-1/2

[Event "*** Titled Tuesday Blitz"]
[Site "Chess.com"]
[Date "2021.04.27"]
[Round "5"]
[White "TomasKapitanchuk"]
[Black "I_am_a_Miracle"]
[Result "0-1"]
[WhiteElo "2533"]
[BlackElo "2391"]
[TimeControl "180+1"]
[EndTime "10:57:42 PDT"]
[Termination "I_am_a_Miracle won by resignation"]

1. e4 g6 2. d4 Bg7 3. Nf3 d6 4. Nc3 a6 5. a4 Nf6 6. h3 O-O 7. Be2 Nc6 8. O-O e5 9. dxe5 dxe5 10. Be3 Qe7 11. a5 Rd8 12. Qb1 Nd4 13. Bd1 h6 14.
b4 c6 15. Re1 Kh7 16. Na4 Nxe4 17. Bxd4 exd4 18. Nb6 Rb8 19. Nxc8 Rbxc8 20. Nd2 Nxd2 21. Rxe7 Nxb1 22. Rxb1 Kg8 23. Rxb7 Rb8 24. Ra7 c5 25. Rxa6 cxb4 26. Be2 Ra8 27. Rxa8 Rxa8 28. a6 Bf8 29. Re1 Bc5 30. Bc4 Ra7 31. Re5 Rc7 32. Rd5 Kg7 33.
Kh2 Kf6 34. Kg3 Ba7 35. Bb3 Rc6 36. Rd7 Rxa6 37. Rxf7+ Ke5 38. f4+ Ke4 39. Re7+ Kf5 40. Rf7+ Ke4 41. Kg4 Ke3 42. Re7+ Kd2 43. Rd7 Kc3 44. h4 Bc5 45. h5 gxh5+ 46. Kxh5 Ra5 47. Kxh6 Bf8+ 48. Kg6 Ra3 49. g4 Rxb3 50. cxb3 d3 51. Kf7 Bc5 52. g5 Bd4 53. Rxd4 Kxd4 54. g6 d2 55. g7 d1=Q 56. g8=Q Kc3 57. Kf6 Qxb3 58. Qc8+ Qc4 59. Qf8 b3 60. Kg5 b2 61. Qb8 Kc2 62. f5 b1=Q 63. Qxb1+ Kxb1 64. f6 Qf7 65. Kf5 Kc2 66. Kg5 Kc3 67. Kf5 Kc4 0-1

[Event "*** Titled Tuesday Blitz"]
[Site "Chess.com"]
[Date "2021.04.27"]
[Round "5"]
[White "seorobert1971"]
[Black "mishanick"]
[Result "0-1"]
[WhiteElo "2756"]
[BlackElo "3015"]
[TimeControl "180+1"]
[EndTime "10:57:43 PDT"]
[Termination "mishanick won by resignation"]

1. Nf3 d5 2. c4 d4 3. e3 Nc6 4. d3 e5 5. exd4 exd4 6. g3 Nf6 7.
Bg2 Be7 8. O-O O-O 9. a3 a5 10. Re1 Bf5 11. Nh4 Bg4 12. Bf3 Bd7 13. Nd2 Re8 14.
Bg2 g6 15. Ne4 Nxe4 16. Rxe4 f5 17. Rxe7 Qxe7 18. Bf4 Be6 19. Nf3 Bf7 20. Ng5 Ne5 21. Bxb7 Rab8 22. Nxf7 Nxf7 23. Bc6 Red8 24. Qd2 g5 25.
Re1 Qf6 26. Bxc7 Qxc6 27. Bxb8 Rxb8 28. Qxa5 f4 29. b4 Ra8 30. Qf5 Rxa3 31. b5 Qd6 32. Re6 f3 33. h4 Qd8 34. hxg5 Qxg5 35. Qxf3 h5 36. b6 Ra1+ 37. Kh2 Rb1 38. b7 Kg7 39.
Re8 Qc1 40. Re7 Qg1+ 41. Kh3 Qf1+ 42. Kh2 Qg1+ 43. Kh3 Qf1+ 44. Qg2 Qxg2+ 45. Kxg2 Kf6 46. Rc7 Nd6 47. Rd7 Ke6 48. Rh7 Rxb7 49. Rxh5 Rb3 50. Rh6+ Kd7 51. c5 Ne8 52. c6+ Kc7 53. Kf3 Rxd3+ 54.
Ke4 Rd1 55. f4 Nd6+ 56. Kd5 Nb5 57. Rh7+ Kb6 58. Rb7+ Ka6 59. Rh7 d3 60. Ke4 d2 61.
Ke3 Nd6 62. Rd7 Nc4+ 63. Ke2 Re1+ 64. Kf2 d1=Q 0-1

[Event "*** Titled Tuesday Blitz"]
[Site "Chess.com"]
[Date "2021.04.27"]
[Round "5"]
[White "Lion-Al-Messi"]
[Black "mbojan"]
[Result "1-0"]
[WhiteElo "2491"]
[BlackElo "2637"]
[TimeControl "180+1"]
[EndTime "10:57:44 PDT"]
[Termination "Lion-Al-Messi won by resignation"]

1. e4 c6 2. Nf3 d5 3. Nc3 dxe4 4.
Nxe4 Nf6 5. Ng3 g6 6. d4 Bg7 7. Bd3 O-O 8. O-O Nbd7 9. Re1 c5 10. Be3 Qc7 11. Qd2 cxd4 12. Bxd4 e6 13. Ne4 b6 14. Nxf6+ Nxf6 15. Be5 Qe7 16. Qf4 Nd5 17.
Qg3 Bxe5 18. Nxe5 Bb7 19. Rad1 Rad8 20. c3 Qf6 21. Be4 h5 22. h4 b5 23. a4 a6 24.
axb5 axb5 25. Bf3 Kh7 26. Rd4 Ba8 27. Red1 Kg7 28. Bxh5 Rh8 29. Bf3 Rc8 30. Bxd5 Bxd5 31. Rf4 Qxe5 32. Rxf7+ Kxf7 33. Qxe5 Rxh4 34. Rd4 Rh5 35.
Rf4+ Rf5 36. Rxf5+ gxf5 37. f3 Rg8 38. Kf2 Ra8 39. Qc7+ Kg6 40. Qb6 Bc4 41. Qe3 Rd8 42. g4 Rd3 43. Qe5 Rd2+ 44. Kg3 Rxb2 45. gxf5+ exf5 46.
Kf4 Re2 47. Qxf5+ Kg7 48. Qd7+ Kf6 49. Qd6+ Kf7 50. Qd4 Re6 51. Kg3 Rg6+ 52. Kf2 Rf6 53. f4 Re6 54. Kf3 Rf6 55. Qa7+ Kg6 56. Qa1 Bd5+ 57. Ke3 Re6+ 58. Kd4 Bc4 59. Qg1+ Kf7 60. f5 Re2 61. Qg5 Kf8 62. Qd8+ Kf7 63.
Qg5 Kf8 64. Qh6+ Ke7 65. Qg7+ Kd6 66. Qf6+ Kc7 67. Qg7+ Kd6 68. f6 Ke6 69. Qe7+ Kf5 70. Qxe2 1-0

[Event "*** Titled Tuesday Blitz"]
[Site "Chess.com"]
[Date "2021.04.27"]
[Round "5"]
[White "JoachimMouhamad"]
[Black "kaumandur01"]
[Result "1/2-1/2"]
[WhiteElo "2461"]
[BlackElo "2738"]
[TimeControl "180+1"]
[EndTime "10:57:47 PDT"]
[Termination "Game drawn - insufficient material"]

1. e4 c5 2. Nf3 d6 3. d4 cxd4 4.
Nxd4 Nf6 5. Nc3 a6 6. f3 e5 7. Nb3 Be6 8. Be3 Nbd7 9. Qd2 h5 10. Nd5 Bxd5 11. exd5 g6 12. Be2 Bg7 13. O-O b6 14.
c4 O-O 15. Rab1 Kh7 16. Rfd1 Ng8 17. Na1 Bh6 18. Nc2 f5 19. Bxh6 Nxh6 20. Nb4 f4 21.
Nd3 Nf5 22. Nf2 Ne3 23. Rdc1 Qg5 24. Bf1 a5 25. Ne4 Qe7 26. Rc3 Nc5 27. Nf2 e4 28. Rxe3 fxe3 29. Qxe3 Rae8 30. f4 Qf6 31. Nh3 Kg8 32.
b3 Nd3 33. Bxd3 exd3 34. Qxd3 Qf5 35. Qxf5 Rxf5 36. Kf2 Rf7 37. g3 Rfe7 38. Rb2 Re1 39. Ng5 Rh1 40. Nf3 Re4 41. Kg2 Rd1 42. Kf2 Kg7 43.
Ng5 Ree1 44. Kf3 Rf1+ 45. Kg2 Rg1+ 46. Kh3 Rge1 47. Nf3 Re3 48. Ng5 Kf6 49. Ne6 Rde1 50. Nc7 R3e2 51. Rxe2 Rxe2 52. Nb5 Rxa2 53. Nxd6 Rb2 54.
c5 bxc5 55. Ne4+ Ke7 56. Nxc5 Kd6 57. Nb7+ Kxd5 58. Nxa5 Kc5 59. Nc4 Rxb3 60. Ne5 Kd4 61. Nxg6 Ke3 62. Kh4 Rb2 63. h3 Kf3 64. Ne5+ Kg2 65.
g4 Rb3 66. gxh5 Rxh3+ 67. Kg5 Rg3+ 68. Kf5 Rh3 69. Kg6 Kg3 70. h6 Kxf4 71. Nf7 Rg3+ 72. Kf6 Rh3 73. Kg7 Kf5 74. h7 Rg3+ 75. Kf8 Rh3 76. Kg7 Rxh7+ 77. Kxh7 1/2-1/2

[Event "*** Titled Tuesday Blitz"]
[Site "Chess.com"]
[Date "2021.04.27"]
[Round "5"]
[White "WisdomGame"]
[Black "thebulldog1"]
[Result "1-0"]
[WhiteElo "2139"]
[BlackElo "2396"]
[TimeControl "180+1"]
[EndTime "10:57:47 PDT"]
[Termination "WisdomGame won by checkmate"]

1. e4 e5 2. Nf3 Nc6 3. Bb5 a6 4. Bxc6 dxc6 5. O-O Qd6 6. d4 exd4 7. Qxd4 Qxd4 8. Nxd4 Bd7 9. Nc3 O-O-O 10. Nb3 Ne7 11. Nc5 Bg4 12. f3 Bh5 13. Bg5 f6 14. Be3 Bf7 15.
Rfd1 Rxd1+ 16. Rxd1 Ng6 17. f4 Bd6 18. g3 h5 19. Kg2 a5 20. a3 b6 21. Nd3 Re8 22. Re1 Bf8 23. Bf2 Ne7 24. h3 Be6 25. Ne2 f5 26. Nd4 fxe4 27. Nxe6 exd3 28. Nxf8 Rxf8 29.
cxd3 Nd5 30. Bd4 Rf7 31. Re6 Kd7 32. Rg6 h4 33. Rxg7 Rxg7 34. Bxg7 hxg3 35. Kxg3 Ke6 36. Bd4 Kf5 37. Be5 c5 38. h4 c6 39. h5 b5 40. h6 Kg6 41. Bg7 Ne7 42. Kf3 Nf5 43. Ke4 a4 44. Bf8 c4 45. dxc4 bxc4 46. Bg7 c5 47. Bf8 Nxh6 48. Bxh6 Kxh6 49. Ke5 Kg7 50. Kd5 Kf6 51. Kxc5 Kf5 52. Kxc4 Kxf4 53. Kb4 Ke5 54.
Kxa4 Kd5 55. b4 Kc4 56. Ka5 Kb3 57. a4 Ka3 58. b5 Kb3 59. b6 Kc4 60. b7 Kc5 61.
b8=Q Kc6 62. Qb6+ Kd5 63. Kb5 Ke4 64. Qc5 Kf3 65. Qd4 Kg3 66. Qe4 Kh3 67. Qg6 Kh4 68. a5 Kh3 69. a6 Kh2 70. a7 Kh3 71.
a8=Q Kh4 72. Qh8# 1-0

[Event "*** Titled Tuesday Blitz"]
[Site "Chess.com"]
[Date "2021.04.27"]
[Round "5"]
[White "jerry_77"]
[Black "Aradhya2000"]
[Result "1-0"]
[WhiteElo "2479"]
[BlackElo "2614"]
[TimeControl "180+1"]
[EndTime "10:57:55 PDT"]
[Termination "jerry_77 won by checkmate"]

1. e4 e5 2. Nf3 Nc6 3. Bb5 a6 4.
Ba4 Nf6 5. O-O b5 6. Bb3 Bc5 7. Re1 d6 8. c3 O-O 9. d4 Bb6 10.
Be3 Bg4 11. Bc2 Re8 12. d5 Bxe3 13. Rxe3 Ne7 14. Nbd2 Ng6 15. a4 h6 16. Qe2 Bd7 17. Qf1 c6 18. dxc6 Bxc6 19. Ree1 Qb6 20. a5 Qb7 21.
Rad1 Rad8 22. c4 Nf4 23. g3 Ne6 24. b4 bxc4 25. Qxc4 d5 26. exd5 Bxd5 27. Qe2 e4 28. Nxe4 Bxe4 29. Bxe4 Qxe4 30. Rxd8 Nxd8 31. Qxa6 Qxf3 32.
Rxe8+ Nxe8 33. Qc8 Qd1+ 34. Kg2 Qd5+ 35. Kg1 Kf8 36.
a6 Nc6 37. h4 Ke7 38. Qb7+ Qd7 39. Qb6 Qc7 40. Qc5+ Qd6 41. Qe3+ Kd7 42. a7 Nxa7 43. Qxa7+ Nc7 44. Qa2 Qd5 45. Qb2 f6 46. Qc2 Nb5 47.
Qg6 Qg8 48. Qf5+ Kd6 49. Qxb5 Qd5 50. Qb6+ Ke5 51. Qc7+ Kf5 52. Qxg7 Qd1+ 53. Kh2 Qf3 54. Qa7 Qd5 55. Qe3 Qc4 56. Qc5+ Qxc5 57. bxc5 Ke5 58.
Kh3 h5 59. g4 hxg4+ 60. Kxg4 Kd5 61. Kf5 Kxc5 62. Kxf6 Kd4 63. h5 Ke4 64. h6 Kf3 65. h7 Kxf2 66. h8=Q Kg3 67. Qb8+ Kf2 68. Qb4 Ke2 69.
Kf5 Kd3 70. Kf4 Ke2 71. Qa3 Kd2 72. Ke4 Kc2 73. Kd4 Kd2 74. Qa2+ Kd1 75. Kd3 Ke1 76. Ke3 Kd1 77. Qh2 Kc1 78. Kd3 Kb1 79. Kc3 Kc1 80. Qg2 Kd1 81. Qf2 Kc1 82. Qe2 Kb1 83. Kb3 Ka1 84.
Qd2 Kb1 85. Qd1# 1-0

[Event "*** Titled Tuesday Blitz"]
[Site "Chess.com"]
[Date "2021.04.27"]
[Round "5"]
[White "PotapovaM"]
[Black "VinzentSpitzl"]
[Result "1-0"]
[WhiteElo "2571"]
[BlackElo "2404"]
[TimeControl "180+1"]
[EndTime "10:57:55 PDT"]
[Termination "PotapovaM won by resignation"]

1. e4 e5 2. Nf3 Nc6 3. Bb5 a6 4. Ba4 Nge7 5. O-O g6 6. c3 Bg7 7. d4 exd4 8. cxd4 b5 9. Bb3 O-O 10. Nc3 d6 11. h3 Na5 12. Bc2 c5 13. d5 Nc4 14. Re1 Qc7 15. Rb1 f5 16. e5 Nxe5 17.
Nxe5 Bxe5 18. Rxe5 dxe5 19. d6 Qd7 20. dxe7 Qxe7 21.
Qd5+ Be6 22. Qxe5 Rfe8 23. Bh6 Bc4 24. Qg3 b4 25. Na4 Bxa2 26. Ra1 Be6 27. Re1 Rac8 28. Nb6 Rc6 29. Nd5 Qf7 30. Qe5 Bxd5 31. Qxe8+ Qxe8 32. Rxe8+ Kf7 33. Rd8 Ke6 34. Ba4 Rd6 35. Rxd6+ Kxd6 36. Bf8+ Ke5 37. Bxc5 b3 38. Bb4 Kd4 39. Bc3+ Kd3 40. g4 fxg4 41. hxg4 Ke4 42. Bd7 Kf3 43. g5 Kf4 44.
Bd2+ Kf3 45. Be3 a5 46. Bb6 Kf4 47. Be3+ Kf3 48. Kf1 Bc4+ 49. Ke1 Bd5 50. Kd2 Ke4 51. Kc3 Bf7 52. Kd2 Kf3 53. Bc6+ Kg4 54. Kc3 Be6 55.
Kd4 Kf5 56. Kc5 Kg4 57. Kb6 h5 58. gxh6 Bg8 59. Bd5 Bh7 60. Bf7 g5 61. Be6+ Kh5 62.
f3 Kxh6 63. Bg4 Bc2 64. Kxa5 Kg6 65. Kb4 Kf6 66. Kc3 Ke5 67. Bxg5 Kd6 68. Be3 Kd5 69. Bd4 Kd6 70. f4 Kd5 71. f5 Kd6 72. f6 Bg6 73.
Be2 Bf7 74. Bc4 Bg6 75. Bxb3 Kc6 76. f7 Bxf7 77. Bxf7 Kb7 78. Bc4 Kb8 79. b4 Ka8 80. b5 Kb7 81. Kb4 Kb8 82. Bd5 Kc8 83. Kc5 1-0

[Event "*** Titled Tuesday Blitz"]
[Site "Chess.com"]
[Date "2021.04.27"]
[Round "5"]
[White "Stormeman100100"]
[Black "GregShahade"]
[Result "1-0"]
[WhiteElo "2498"]
[BlackElo "2653"]
[TimeControl "180+1"]
[EndTime "10:58:08 PDT"]
[Termination "Stormeman100100 won by checkmate"]

1. e4 e5 2. Nf3 Nc6 3. Bc4 Nf6 4.
d3 Bc5 5. O-O a6 6. c3 Ba7 7. Nbd2 d6 8. a4 O-O 9. h3 h6 10. Re1 Re8 11. Nf1 Be6 12. Bxe6 Rxe6 13. b4 Qd7 14. Be3 Bxe3 15. Nxe3 Ne7 16. Qb3 d5 17.
exd5 Nfxd5 18. Nxd5 Qxd5 19. Qxd5 Nxd5 20. Rac1 Rae8 21.
b5 axb5 22. axb5 Nf4 23. Re3 f6 24. Kh2 Rd8 25. d4 e4 26. Nd2 f5 27. f3 Nd5 28. Ree1 e3 29. Nc4 f4 30. Ne5 Ra8 31. c4 Ne7 32. Ra1 Rxa1 33. Rxa1 Nf5 34. Nd3 g5 35. d5 Re8 36. Ra7 e2 37. Ne1 Rb8 38.
Kg1 Nd6 39. Ra4 b6 40. Kf2 Re8 41. Ra7 Nxc4 42. Rxc7 Ne3 43. d6 Nd1+ 44. Kg1 Rd8 45.
Re7 Rxd6 46. Rxe2 Nc3 47. Re5 Rd1 48. h4 gxh4 49. Kh2 Rb1 50. Nd3 Rxb5 51. Re6 Rb2 52. Nxf4 b5 53. Rxh6 b4 54. Rb6 Na4 55. Rb8+ Kf7 56.
Nd3 Rd2 57. Nxb4 Nc3 58. Nc6 Ne2 59. Ne5+ Ke6 60. Ng6 h3 61. Kxh3 Nd4 62. Rb6+ Kf7 63. Ra6 Kg7 64. Nf4 Nf5 65. Nh5+ Kf7 66. g4 Nd4 67. Kg3 Ne2+ 68. Kf2 Nd4+ 69. Ke3 Rd1 70. Nf4 Nc2+ 71. Ke2 Rd8 72. g5 Nd4+ 73. Kf2 Kg8 74. Ra7 Nf5 75. Nh5 Kf8 76. Nf6 Nd6 77. f4 Nf7 78.
Kf3 Nh8 79. Kg4 Ng6 80. f5 Ne5+ 81. Kh5 Nf7 82. g6 Rd6 83. Rxf7# 1-0

[Event "*** Titled Tuesday Blitz"]
[Site "Chess.com"]
[Date "2021.04.27"]
[Round "5"]
[White "anon6121824"]
[Black "Sanan_Sjugirov"]
[Result "1-0"]
[WhiteElo "2820"]
[BlackElo "2962"]
[TimeControl "180+1"]
[EndTime "10:58:12 PDT"]
[Termination "anon6121824 won on time"]

1. e4 c6 2. d4 d5 3. Nc3 dxe4 4. Nxe4 Nf6 5. Nxf6+ exf6 6. c3 Bd6 7. Bd3 O-O 8. Qc2 Re8+ 9. Ne2 h5 10. O-O h4 11.
Bd2 Nd7 12. h3 Nf8 13. Rfe1 Bc7 14. Rad1 a5 15. Qc1 Be6 16. c4 Ng6 17. Bxg6 fxg6 18. Bf4 Bf7 19. d5 cxd5 20. cxd5 Rc8 21. Bxc7 Rxc7 22. Qd2 Rd7 23. Nc3 Rxe1+ 24. Qxe1 g5 25. Qe4 Qb6 26. Rd2 Qb4 27. Qe3 Rd8 28. a3 Qd6 29.
Qa7 Re8 30. Rd1 b6 31. Qb7 Rd8 32. Re1 Rd7 33. Qc8+ Kh7 34. Rd1 Rd8 35. Qc6 Be8 36.
Qxd6 Rxd6 37. Ne4 Rd8 38. g4 hxg3 39. fxg3 Kg6 40. g4 Bd7 41. Kf2 f5 42. gxf5+ Bxf5 43. Nc3 Bxh3 44. d6 Bd7 45. Nd5 Rf8+ 46. Ke3 Re8+ 47.
Kd4 Re6 48. Rg1 Rxd6 49. Ke4 Re6+ 50. Kd4 Rd6 51. Ke5 Re6+ 52. Kd4 Bc6 53. Nf4+ Kf6 54. Nxe6 Kxe6 55. Rxg5 Kf6 56. Rg3 g5 57. Rc3 Bd7 58.
Rc7 Be6 59. Rc6 g4 60. Ke3 Ke5 61. Rxb6 a4 62. Rb5+ Kd6 63. Rb4 Bd7 64. Kf4 Kc7 65. b3 axb3 66. Rxb3 Kd6 67. Ke4 Kc7 68. Kd4 Bc6 69.
Kc5 Bf3 70. Re3 Bd1 71. Re7+ Kb8 72. Rg7 Kc8 73. Kb4 Bf3 74. a4 Be2 75. a5 Kb8 76.
Kc5 Kc8 77. Kb6 1-0

[Event "*** Titled Tuesday Blitz"]
[Site "Chess.com"]
[Date "2021.04.27"]
[Round "5"]
[White "RiskyDecision"]
[Black "kakarot_001"]
[Result "1-0"]
[WhiteElo "2548"]
[BlackElo "2689"]
[TimeControl "180+1"]
[EndTime "10:58:12 PDT"]
[Termination "RiskyDecision won by resignation"]

1. d4 Nf6 2. c4 e6 3. g3 d5 4.
Nf3 Bb4+ 5. Bd2 Be7 6. Qc2 O-O 7. Bg2 c6 8. O-O b6 9. b3 Nbd7 10. Nc3 Ba6 11. e4 dxc4 12. Rfd1 Rc8 13. e5 Nd5 14. Ne4 cxb3 15. axb3 Be2 16. Re1 Bxf3 17. Bxf3 c5 18. Rxa7 cxd4 19. Qb1 Nxe5 20. Bg2 Nc6 21. Rb7 f5 22. Rxe7 Qxe7 23. Ng5 Nc3 24. Qd3 e5 25. Qc4+ Kh8 26. Bxc6 b5 27. Qe6 Qf6 28. Bd7 Rcd8 29. Nf3 e4 30. Ne5 Qxe6 31. Bxe6 Rde8 32. Nf7+ Kg8 33.
Ng5+ Kh8 34. Bd7 Re7 35. Bxc3 dxc3 36. Bxb5 h6 37. Nh3 Rb8 38. Bc4 Rd7 39. Rc1 Rc8 40. Rxc3 Rd1+ 41. Kg2 Rd2 42. Nf4 g5 43. Ne6 Re8 44.
Re3 Rd6 45. Nc5 Rf8 46. Re2 Kg7 47. Ne6+ Rxe6 48. Bxe6 Kf6 49. Bc4 Ke5 50. Rd2 f4 51. Rd5+ Kf6 52. gxf4 gxf4 53. Kh3 Re8 54. Kg4 e3 55. fxe3 fxe3 56. Rd1 Ke5 57. Kf3 Kf5 58. Re1 Kg5 59. Rxe3 Rf8+ 60. Kg3 h5 61. Re5+ Kh6 62.
Re2 Rd8 63. Rb2 Kg5 64. b4 h4+ 65. Kg2 Kg4 66. Be2+ Kf4 67. b5 h3+ 68. Kf2 Rf8 69.
b6 Ke4+ 70. Ke1 Ke3 71. Rb3+ Kd4 72. b7 Rb8 73. Bg4 Kc5 74. Bc8 Kc4 75. Rxh3 Kc5 76. Rg3 Kb6 77. h4 Ka7 78. h5 Kb6 79. h6 Kc5 80. h7 Kb6 81. h8=Q Kc6 82. Qh6+ Kb5 83.
Qf4 Ka6 84. Qxb8 1-0

[Event "*** Titled Tuesday Blitz"]
[Site "Chess.com"]
[Date "2021.04.27"]
[Round "5"]
[White "MIJuanReyesRosa"]
[Black "Loy_Konstantin"]
[Result "1-0"]
[WhiteElo "2050"]
[BlackElo "2373"]
[TimeControl "180+1"]
[EndTime "10:58:14 PDT"]
[Termination "MIJuanReyesRosa won on time"]

1. e4 c5 2. Ne2 d6 3. c4 Nc6 4. d4 cxd4 5. Nxd4 Nxd4 6. Qxd4 Nf6 7. Nc3 g6 8. Be2 Bg7 9. O-O O-O 10. Qe3 Be6 11. Nd5 Nxd5 12. cxd5 Bd7 13. Bd2 Qb6 14.
Rac1 Rfc8 15. b3 Qxe3 16. Bxe3 a6 17. f3 Bb2 18. Rc4 Bb5 19. Rxc8+ Rxc8 20. Bxb5 axb5 21. Rf2 Ba3 22. Kf1 Rc3 23. Ke2 f5 24. Bg5 Kf7 25.
Kd1 e6 26. Re2 fxe4 27. fxe4 Bc5 28. Rc2 Rd3+ 29. Rd2 Rc3 30. Rc2 Bd4 31. Rxc3 Bxc3 32. Kc2 Be5 33. h3 exd5 34. exd5 Bd4 35. Kd3 Bc5 36.
Bf4 Kf6 37. Ke4 h5 38. g4 hxg4 39. hxg4 Bb4 40. Bg3 Ba3 41. Bf4 Bb4 42. Bg3 Kg5 43.
Kf3 Bc5 44. Bh2 Kh4 45. Bf4 Kh3 46. Bg3 Bb4 47. Bf4 Ba3 48. Bg3 Bc5 49. Bf4 Kh4 50.
Bg3+ Kg5 51. Bf4+ Kf6 52. Bg3 Ba3 53. Bf4 Ke7 54. Bg3 Kd7 55. Bf4 Kc7 56. Ke4 Kb6 57. Bd2 Kc5 58. Kf4 Kxd5 59. Kg5 Ke4 60. Kxg6 d5 61.
g5 Kd3 62. Bf4 Kc2 63. Kf7 d4 64. g6 d3 65. g7 Bc1 66. Bxc1 Kxc1 67. g8=Q d2 68.
Qc8+ Kb2 69. Qd7 Kc2 70. Qc7+ Kb2 71. Qd6 Kc2 72. Qc5+ Kb2 73. Qd4+ Kc2 74. Qe4+ Kb2 75. Qd3 1-0